 Dungeon Crawl Stone Soup version 0.28.0-49-g6dfe1f597d (webtiles) character file.

Game seed: 6360024169610207036

20 NinjaNoafa the Ruffian (level 3, 29/30 HPs)
             Began as a Djinni Cinder Acolyte on May 12, 2022.
             Was a Priest of Ignis.
             Quit the game on level 1 of the Dungeon.
             The game lasted 00:01:59 (957 turns).

NinjaNoafa the Ruffian (Djinni Cinder Acolyte)       Turns: 957, Time: 00:01:59

Health: 29/30      AC:  9    Str: 13    XL:     3   Next: 0%
Gold:   11         EV: 11    Int: 17    God:    Ignis [***...] SH:  0 Dex:  8

rFire   + + +      SeeInvis .   c - +0 whip
rCold   x . .      Faith    .   (no shield)
rNeg    . . .      Spirit   .   a - +0 robe
rPois   ∞          Reflect  .   (no helmet)
rElec   .          Harm     .   (no cloak)
rCorr   .          Rampage  .   (no gloves)
Will    .....                   (boots unavailable)
Stlth   +.........              (no amulet)
HPRegen 0.10/turn               (no ring)
MPRegen 0.00/turn               (no ring)

@: fiery-armoured, flying
A: sickness immunity, fire resistance 2, cold vulnerability 1, float, innate
caster, HP casting, extra vitality 1
a: Renounce Religion, Fiery Armour, Foxfire Swarm, Rising Flame


You were on level 1 of the Dungeon.
You worshipped Ignis.
Ignis was most pleased with you.
You visited 1 branch of the dungeon, and saw 1 of its levels.

You collected 11 gold pieces.

Inventory:

Hand Weapons
 c - a +0 whip (weapon)
Armour
 a - a +0 robe (worn)
Scrolls
 b - a scroll of identify {unknown}


   Skills:
 - Level 3.0 Fighting
 + Level 1.2 Dodging
 - Level 3.0 Unarmed Combat
 * Level 2.9 Spellcasting


You had 4 spell levels left.
You knew the following spells:

 Your Spells              Type           Power      Damage    Failure   Level
a - Scorch                Fire           24%        2d6       8%          2
b - Summon Small Mammal   Summ           48%        N/A       5%          1
Your spell library was empty.

Dungeon Overview and Level Annotations

Branches:
Dungeon (1/15)

Altars:


Innate Abilities, Weirdness & Mutations

You are immune to sickness and miasma.
You are immune to poison.
Your flesh is very heat resistant. (rF++)
You are vulnerable to cold. (rC-)
You float through the air rather than walking.
You learn spells naturally, not from books.
Your magical power is your life essence.
You have superior vitality. (+4 MHP)


Message History

The hobgoblin moves out of view.
A hobgoblin and a giant cockroach come into view.
A protective cloak of flame settles atop you.
A goblin comes into view. It is wielding a +0 dagger.
The goblin shouts!
The goblin moves out of view.
The giant cockroach bites you but does no damage.
The giant cockroach is burned by your cloak of flames.
You kill the giant cockroach!
Activating: Foxfire Swarm
Press: ? - help, Dir - look around, f - activate Flames leap up around you!
The foxfire hits the hobgoblin.
The hobgoblin is moderately wounded.
You hit the hobgoblin.
You kill the hobgoblin!
The foxfire hits the goblin.
The goblin is moderately wounded.
The foxfire hits the goblin.
The goblin is heavily wounded.
The foxfire hits the goblin.
You kill the goblin!
You have reached level 3!
Your experience leads to an increase in your attributes!
Increase (S)trength, (I)ntelligence, or (D)exterity?
You feel clever. x2
The power to cast Summon Small Mammal wells up from within.
Spell assigned to 'b'.
Your foxfire dissipates! x2
Your foxfire dissipates! x7
Things that are here:
a hobgoblin corpse; a giant cockroach corpse A kobold comes into view.
It is wielding a +0 short sword.
Cast which spell? (? or * to list)
Casting: Summon Small Mammal (safe; 5% risk of failure)
Confirm with . or Enter, or press ? or * to list all spells.
You can't see any susceptible monsters within range! (Use Z to cast anyway.)
Casting: Summon Small Mammal (safe; 5% risk of failure)
Confirm with . or Enter, or press ? or * to list all spells.
You can't see any susceptible monsters within range! (Use Z to cast anyway.) Are you sure you want to abandon this character and quit the game? (Confirm with "yes".)

##....<... #..# ####...##
..## ##..# ##...##
.......K.## ##..⌠..#
.......... #.......
.........# #..⌠...⌠(
#....#..# #........⌠...
##.#....#..# #.####.......
#......r.@# #.# ########
#.........# #.# #.###
#.........# #.# #....
#.........# #.# #....
#.........# #.# #.###
#.........####.#######.#
#.................(.##.###
#....#####.......)........
##.##### #..........##.###


You could see a kobold (ally target) and a friendly quokka (summoned).

Vanquished Creatures
  3 giant cockroaches (D:1)
  A goblin (D:1)
  2 hobgoblins (D:1)
  6 jackals (D:1)
  A ball python (D:1)
  3 kobolds (D:1)
  A rat (D:1)
17 creatures vanquished.

Vanquished Creatures (others)
  22 foxfires (D:1)
22 creatures vanquished.

Grand Total: 39 creatures vanquished

Notes
Turn   | Place    | Note
-------+----------+-------------------------------------------
     0 | D:1      | NinjaNoafa the Djinni Cinder Acolyte began the quest for
                  | the Orb.
     0 | D:1      | Reached XP level 1. HP: 20/20 MP: 0/0
   460 | D:1      | Reached XP level 2. HP: 25/25 MP: 0/0
   509 | D:1      | Reached skill level 1 in Dodging
   880 | D:1      | Reached XP level 3. HP: 30/30 MP: 0/0
   880 | D:1      | Learned a level 1 spell: Summon Small Mammal
   957 | D:1      | Quit the game

Illustrated notes

Levels and vault maps discovered:
D:1:      dpeg_arrival_leaves_temple_mockup, layout_basic

Skill      XL: |  1  2 |
---------------+-------+-----
Dodging        | 1 |  1.2
Fighting       | |  3.0
Unarmed Combat | |  3.0
Spellcasting   | |  2.9

Action                   || total
-------------------------++-------
Melee: Whip              ||    17
       Unarmed           ||    13
 Cast: Summon Small Mamm ||     1
Invok: Fiery Armour      ||     3
       Foxfire Swarm     ||     2
Armor: Robe              ||    10
Dodge: Dodged            ||    28
